 Dungeon Crawl Stone Soup version 0.23.2-33-g5129a83184 (webtiles) character file.

Game seed: 8090348720225748503

39849 senseless the Bludgeoner (level 13, -12/125 (126) HPs)
             Began as a Minotaur Fighter on July 20, 2019.
             Was a High Priest of Qazlal.
             Splashed by an oklob plant's acid (16 damage)
             ... on level 1 of the Lair of Beasts on July 25, 2019.
             The game lasted 01:09:19 (17675 turns).

senseless the Bludgeoner (Minotaur Fighter)        Turns: 17675, Time: 01:09:20

HP:   -12/125 (126) AC:  8    Str: 27    XL:     13   Next: 71%
MP:   10/10         EV: 13    Int: 12    God:    Qazlal [*****.]
Gold: 584           SH: 17    Dex: 16    Spells: 12/12 levels left

rFire    + . .     SeeInvis .   J - +4 morningstar (protect)
rCold    + . .     Gourm    .   Z - +2 buckler of Curiosity {Int+6}
rNeg     + . .     Faith    .   I - +3 ring mail {rC+}
rPois    .         Spirit   .   (helmet restricted)
rElec    .         Reflect  .   X - +0 cloak {rF+}
rCorr    .         Harm     .   P - +0 pair of gloves {Dex+3}
MR       +....                  u - +1 pair of boots
Stlth    +.........             b - amulet of magic regeneration
HPRegen  0.30/turn              k - ring of positive energy
MPRegen  0.37/turn              l - +5 ring of strength

@: corroded, protection aura, studying Maces & Flails, repel missiles
A: retaliatory headbutt, horns 2, rugged brown scales 1, low mp 1, magic
resistance 1, wild magic 1
a: Upheaval, Elemental Force, Disaster Area, Renounce Religion


You were on level 1 of the Lair of Beasts.
You worshipped Qazlal.
Qazlal was extremely pleased with you.
You were not hungry.

You visited 2 branches of the dungeon, and saw 15 of its levels.
You also visited: Volcano.

You collected 770 gold pieces.
You spent 186 gold pieces at shops.

Inventory:

Hand Weapons
 h - a +1 demon trident of freezing
 H - a +1 whip of distortion
 J - a +4 morningstar of protection (weapon)
 R - a +2 demon whip of flaming
 T - a +2 flail of crushing
Armour
 u - a +1 pair of boots (worn)
 I - a +3 ring mail of cold resistance (worn)
 N - +0 acid dragon scales
 P - a +0 pair of gloves of dexterity (worn)
 X - a +0 cloak of fire resistance (worn)
 Z - the +2 buckler of Curiosity (worn) {Int+6}
   (You found it on level 1 of the Lair of Beasts)

   It affects your intelligence (+6).
Jewellery
 b - an amulet of magic regeneration (around neck)
 k - a ring of positive energy (left hand)
 l - a +5 ring of strength (right hand)
 m - an uncursed ring of protection from cold
 r - an uncursed ring of ice
 s - an uncursed ring of stealth
 B - an uncursed ring of see invisible
 S - a +5 ring of intelligence
Wands
 v - a wand of iceblast (26)
 w - a wand of digging (4)
 y - a wand of scattershot (4)
 z - a wand of disintegration (10)
 A - a wand of paralysis (17)
 U - a wand of acid (4)
Scrolls
 a - a scroll of fog
 e - 3 scrolls of amnesia
 g - 3 scrolls of identify
 i - 2 scrolls of remove curse
 n - 4 scrolls of teleportation
 C - 2 scrolls of fear
 D - 2 scrolls of blinking
 W - 2 scrolls of enchant weapon
Potions
 d - 3 potions of might
 p - a potion of heal wounds
 q - a potion of resistance
 x - 2 potions of curing
 E - 2 potions of ambrosia
 F - 4 potions of brilliance
 G - a potion of haste
 K - a potion of agility
 O - 3 potions of lignification
 V - 2 potions of flight
 Y - a potion of mutation
Books
 Q - a manual of Maces & Flails
Comestibles
 f - 15 rations


   Skills:
 + Level 13.7 Fighting
 - Level 16.0 Maces & Flails
 + Level 13.7 Armour
 + Level 3.6 Dodging
 + Level 13.7 Shields


You had 12 spell levels left.
You didn't know any spells.
Your spell library contained the following spells:

 Spells                   Type           Power        Failure   Level  Hunger
 Corona                   Hex            #......      50%         1    ##.....
 Freeze                   Ice            #...         50%         1    ##.....
 Magic Dart               Conj           #...         50%         1    ##.....
 Sandblast                Erth           #.....       50%         1    ##.....
 Blink                    Tloc           N/A          63%         2    ###....
 Call Imp                 Summ           #.......     63%         2    ###....
 Passwall                 Tmut/Erth      #.......     63%         2    ###....
 Slow                     Hex            #.......     63%         2    ###....
 Throw Flame              Conj/Fire      #.....       63%         2    ###....
 Throw Frost              Conj/Ice       #.....       63%         2    ###....
 Conjure Flame            Conj/Fire      #.......     85%         3    ####...
 Dazzling Spray           Conj/Hex       #.....       85%         3    ####...
 Inner Flame              Hex/Fire       #.......     85%         3    ####...
 Mephitic Cloud           Conj/Pois/Air  #.......     85%         3    ####...
 Ozocubu's Armour         Chrm/Ice       #.......     85%         3    ####...
 Portal Projectile        Hex/Tloc       #.....       85%         3    ####...
 Stone Arrow              Conj/Erth      #.....       85%         3    ####...
 Cause Fear               Hex            #.........   99%         4    #####..
 Leda's Liquefaction      Hex/Erth       #.........   99%         4    #####..
 Petrify                  Tmut/Erth      #.......     99%         4    #####..
 Summon Ice Beast         Ice/Summ       #.......     99%         4    #####..
 Throw Icicle             Conj/Ice       #.......     99%         4    #####..
 Fireball                 Conj/Fire      #.........   100%        5    ######.
 Lee's Rapid Deconstruct  Erth           #.........   100%        5    ######.
 Spellforged Servitor     Conj/Summ      #.........   100%        7    #######


Dungeon Overview and Level Annotations

Branches:
Dungeon (13/15)            Temple (0/1) D:4            Lair (2/6) D:8
    Orc (0/2) D:10         Vaults (0/5) D:13
  Swamp: Lair:2-4    Shoals: Lair:2-4     Snake: Lair:2-4    Spider: Lair:2-4

Altars:
Elyvilon
Fedhas
Gozag
Kikubaaqudgha
Makhleb
Nemelex Xobeh
Qazlal
Trog
The Shining One

Shops:
D:7 *   D:10 }

Annotations:
D:9 3 runed translucent doors, doot's ghost, novice TeGl
Lair:1 exclusion: oklob plant


Innate Abilities, Weirdness & Mutations

You reflexively headbutt those who attack you in melee.
You have a pair of horns on your head.
You are partially covered in rugged brown scales. (AC +1, +3% HP)
Your magical capacity is low. (-10% MP)
You are resistant to hostile enchantments. (MR+)
Your spells are a little harder to cast, but a little more powerful.


Message History

The oklob plant is almost destroyed.
You hit the oklob plant but do no damage.
The oklob plant is almost destroyed.
The oklob plant spits acid at you. The splash of acid hits you!
* * * LOW HITPOINT WARNING * * *
The acid corrodes you!
You are splashed with acid!
* * * LOW HITPOINT WARNING * * *
You hit the oklob plant but do no damage.
The oklob plant is almost destroyed.
You hit the oklob plant but do no damage.
The oklob plant is almost destroyed.
You hit the oklob plant but do no damage.
You headbutt the oklob plant, but do no damage.
The oklob plant is almost destroyed.
The oklob plant spits acid at you. The splash of acid hits you!
* * * LOW HITPOINT WARNING * * *
You are splashed with acid!
You die...

###### #P/..# #@°§%# #°°°.#
#○.$?# ##PP.P## #......# ###
##....### ####
#####.##########..##..########.#P
..............=..................
.#.#...#.#...##.#.#.##...#.....P.


You could see an oklob plant.

Vanquished Creatures
  Snorg (D:10)
  2 hydras
  A centaur warrior (D:13)
  A vault guard (D:13)
  A death knight (D:13)
  9 two-headed ogres
  An ogre mage (Volcano)
  A hell knight (Volcano)
  A skeletal warrior (D:13)
  An unseen horror (D:13)
  3 ugly things
  2 oklob plants (Lair:1)
  2 cyclopes
  A manticore (D:12)
  Maurice (D:8)
  A black mamba (shapeshifter) (D:10)
  Joseph (D:7)
  3 gargoyles
  A torpor snail (Lair:2)
  2 komodo dragons
  An efreet (D:11)
  A merfolk (shapeshifter) (D:13)
  3 trolls
  6 meliai
  Grinder (D:3)
  3 tyrant leeches (Lair:2)
  8 slime creatures
  6 hippogriffs
  Sigmund (D:5)
  16 yaks
  2 shadows
  4 wraiths
  A water elemental (D:12)
  A vampire (D:12)
  A basilisk (D:12)
  3 hungry ghosts
  6 swamp worms (Lair:2)
  3 acid dragons
  8 water moccasins
  Duvessa (D:6)
  3 black bears
  5 porcupines
  6 orc warriors
  4 sky beasts
  3 ice beasts
  2 necrophages
  4 phantoms
  6 ogres
  14 centaurs
  3 crocodiles
  A big kobold (D:12)
  A gnoll sergeant (D:11)
  8 bullfrogs
  A wyvern skeleton (D:6)
  Dowan (D:6)
  16 killer bees
  9 wights
  6 electric eels (D:12)
  6 crimson imps
  2 centaur zombies (D:12)
  6 howler monkeys
  A bullfrog zombie (D:9)
  8 hounds
  8 jellies
  5 orc priests
  4 centaur skeletons
  Crazy Yiuf (D:2)
  2 bullfrog skeletons
  10 orc wizards
  6 iguanas
  Ijyb (D:5)
  12 worker ants
  A hound skeleton (D:11)
  2 howler monkey zombies
  2 worker ant zombies
  Robin (D:3)
  13 gnolls
  19 adders
  2 shadow imps
  5 oozes (D:8)
  An adder zombie (D:5)
  An adder skeleton (D:6)
  A worm (D:2)
  4 dart slugs
  3 leopard geckos
  28 orcs
  2 ball pythons
  8 bats
  7 giant cockroaches
  10 hobgoblins
  14 jackals
  3 quokkas
  4 frilled lizards
  14 goblins
  16 kobolds
  A leopard gecko skeleton (D:6)
  A leopard gecko zombie (D:5)
  2 quokka skeletons
  A quokka zombie (D:6)
  12 rats
455 creatures vanquished.

Vanquished Creatures (others)
  A hound (D:12)
  20 plants
21 creatures vanquished.

Grand Total: 476 creatures vanquished

Notes
Turn   | Place    | Note
-------+----------+-------------------------------------------
     0 | D:1      | senseless the Minotaur Fighter began the quest for the Orb.
     0 | D:1      | Reached XP level 1. HP: 19/19 MP: 0/0
    34 | D:1      | Reached XP level 2. HP: 13/27 MP: 1/1
   213 | D:1      | Reached skill level 3 in Maces & Flails
   798 | D:2      | Reached XP level 3. HP: 33/33 MP: 2/2
  1114 | D:2      | Reached XP level 4. HP: 34/40 MP: 3/3
  1247 | D:2      | Found a runed translucent door.
  1248 | D:2      | Noticed Crazy Yiuf
  1254 | D:2      | Killed Crazy Yiuf
  1254 | D:2      | Reached skill level 4 in Maces & Flails
  1320 | D:2      | Reached XP level 5. HP: 42/47 MP: 4/4
  1409 | D:3      | Found a sparkling altar of Nemelex Xobeh.
  1504 | D:3      | Found a white marble altar of Elyvilon.
  1532 | D:3      | Noticed Grinder
  1554 | D:3      | Killed Grinder
  1554 | D:3      | Reached skill level 5 in Fighting
  1554 | D:3      | Reached skill level 5 in Maces & Flails
  1554 | D:3      | Reached skill level 5 in Armour
  1554 | D:3      | Reached skill level 5 in Shields
  1554 | D:3      | Reached XP level 6. HP: 33/56 MP: 5/5
  1701 | D:3      | Found a bloodstained altar of Trog.
  2089 | D:3      | Noticed Robin
  2098 | D:3      | Killed Robin
  2290 | D:3      | Found a glowing golden altar of the Shining One.
  2290 | D:3      | Found an ancient bone altar of Kikubaaqudgha.
  2420 | D:3      | Reached skill level 6 in Maces & Flails
  3056 | D:4      | Gained mutation: Your magical capacity is low. (-10% MP)
                  | [potion of mutation]
  3056 | D:4      | Gained mutation: You are resistant to hostile enchantments.
                  | (MR+) [potion of mutation]
  3056 | D:4      | Gained mutation: You are partially covered in rugged brown
                  | scales. (AC +1, +3% HP) [potion of mutation]
  3056 | D:4      | Gained mutation: Your spells are a little harder to cast,
                  | but a little more powerful. [potion of mutation]
  3126 | D:4      | Found a stormy altar of Qazlal.
  3127 | D:4      | Found a burning altar of Makhleb.
  3132 | D:4      | Became a worshipper of Qazlal Stormbringer
  3203 | D:4      | Found a staircase to the Ecumenical Temple.
  3572 | D:4      | Reached XP level 7. HP: 62/62 MP: 5/5
  3930 | D:5      | Entered Level 5 of the Dungeon
  3947 | D:5      | Noticed Sigmund
  3949 | D:5      | Noticed Ijyb
  4607 | D:5      | Killed Ijyb
  5355 | D:5      | Reached skill level 7 in Maces & Flails
  5690 | D:5      | Killed Sigmund
  5690 | D:5      | Reached XP level 8. HP: 72/72 MP: 6/6
  5930 | D:6      | Reached skill level 8 in Maces & Flails
  5967 | D:6      | Noticed Duvessa
  5967 | D:6      | Noticed Dowan
  5972 | D:6      | Killed Dowan
  5984 | D:6      | Killed Duvessa
  6349 | D:6      | Reached skill level 9 in Maces & Flails
  6508 | D:6      | You fall through a shaft for 3 floors!
  6539 | D:8      | Reached * piety under Qazlal
  6542 | D:8      | Reached XP level 9. HP: 81/81 MP: 7/7
  6739 | D:8      | Noticed Maurice
  6759 | D:8      | Killed Maurice
  6759 | D:8      | Reached skill level 10 in Maces & Flails
  6945 | D:8      | Reached ** piety under Qazlal
  7294 | D:8      | Reached skill level 11 in Maces & Flails
  7315 | D:8      | You fall through a shaft for 2 floors!
  7315 | D:10     | Entered Level 10 of the Dungeon
  7334 | D:9      | Reached XP level 10. HP: 80/92 MP: 8/8
  8035 | D:7      | Noticed Joseph
  8058 | D:7      | Killed Joseph
  8502 | D:7      | Found an opulent altar of Gozag.
  8547 | D:7      | Found Kostra's Assorted Antiques.
  8555 | D:7      | Bought a scroll labeled LUNLIK NIPT for 27 gold pieces
  8555 | D:7      | Bought a cabochon ring for 135 gold pieces
  8555 | D:7      | Bought a fizzy silvery potion for 24 gold pieces
  8856 | D:8      | Found a staircase to the Lair.
  8999 | D:8      | Found a blossoming altar of Fedhas.
  9086 | D:8      | Reached skill level 12 in Maces & Flails
  9375 | D:9      | Reached *** piety under Qazlal
  9494 | D:9      | Found a runed translucent gate.
  9494 | D:9      | Found a runed translucent gate.
  9494 | D:9      | Found a runed translucent gate.
  9494 | D:9      | Noticed doot's ghost (novice TeGl)
  9796 | D:10     | Noticed a purple ugly thing
  9806 | D:9      | Killed a purple ugly thing
  9891 | D:10     | Reached XP level 11. HP: 100/100 MP: 8/8
  9920 | D:10     | Reached skill level 10 in Fighting
  9920 | D:10     | Reached skill level 10 in Armour
  9920 | D:10     | Reached skill level 10 in Shields
  9953 | D:10     | Reached skill level 13 in Maces & Flails
  9993 | D:10     | Found a staircase to the Orcish Mines.
 10011 | D:10     | Noticed Snorg
 10023 | D:10     | Killed Snorg
 10575 | D:10     | Found Ehuacw's Gadget Boutique.
 11035 | D:11     | Reached **** piety under Qazlal
 11235 | D:11     | Noticed a two-headed ogre
 11248 | D:11     | Killed a two-headed ogre
 11248 | D:11     | Reached skill level 14 in Maces & Flails
 11644 | D:11     | Noticed an eight-headed hydra
 11651 | D:11     | Killed an eight-headed hydra
 11651 | D:11     | Reached XP level 12. HP: 88/112 MP: 9/9
 11736 | D:11     | You fall through a shaft for 2 floors!
 11788 | D:13     | Noticed a death knight
 11826 | D:13     | Reached skill level 15 in Maces & Flails
 11869 | D:13     | Noticed a vault guard
 11878 | D:13     | Killed a vault guard
 12297 | D:13     | Found a gate to the Vaults.
 12481 | D:13     | Killed a death knight
 12486 | D:13     | Reached skill level 16 in Maces & Flails
 13173 | D:13     | Noticed a centaur warrior
 13185 | D:13     | Killed a centaur warrior
 13626 | D:12     | Reached ***** piety under Qazlal
 13956 | D:12     | Noticed a two-headed ogre
 13966 | D:12     | Killed a two-headed ogre
 13992 | D:12     | Noticed a two-headed ogre
 14000 | D:12     | Killed a two-headed ogre
 14169 | D:12     | Reached XP level 13. HP: 78/121 MP: 10/10
 14847 | D:12     | Identified the Collected Works on Battle Magic
 16081 | Lair:1   | Entered Level 1 of the Lair of Beasts
 16220 | Lair:1   | Got a jewelled buckler
 16379 | Lair:1   | Found a dark tunnel.
 16387 | Lair:1   | Identified the +2 buckler of Curiosity {Int+6} (You found
                  | it on level 1 of the Lair of Beasts)
 16538 | Volcano  | Entered a volcano
 16573 | Volcano  | Reached skill level 1 in Dodging
 16860 | Lair:1   | You fall through a shaft!
 17675 | Lair:1   | HP: 4/125 [oklob plant/splash of acid (11)]
 17675 | Lair:1   | Splashed by an oklob plant's acid

Skill      XL: |  1  2  3  4  5  6  7  8  9 10 11 12 13 |
---------------+----------------------------------------+-----
Maces & Flails | 3 4 5 6 7 9 11 12 14 16 | 16.0
Fighting       | 4 5 6 7 8 9 11 12 13 | 13.7
Armour         | 4 5 6 7 8 9 11 12 13 | 13.7
Shields        | 4 5 6 7 8 9 11 12 13 | 13.7
Dodging        | 3 |  3.6

Action                   |  1- 3 |  4- 6 |  7- 9 | 10-12 | 13-15 || total
-------------------------+-------+-------+-------+-------+-------++-------
Melee: Flail             |    88 |   192 |   206 |       |       ||   486
       Headbutt          |    14 |    29 |    69 |   150 |    60 ||   322
       Morningstar       |       |       |   123 |   632 |   220 ||   975
  Use: Scroll            |       |     7 |     5 |    15 |    10 ||    37
       Potion            |       |     1 |     1 |       |     1 ||     3
  Eat: Chunk             |     1 |     4 |    14 |    21 |     3 ||    43
       Ration            |       |     1 |       |     2 |     3 ||     6
Armor: Scale mail        |    31 |    74 |    51 |       |       ||   156
       Plate armour      |       |       |    67 |       |       ||    67
       Ring mail         |       |       |    56 |   232 |    57 ||   345
Dodge: Dodged            |    22 |    49 |    91 |   127 |    42 ||   331
       Deflected         |       |       |       |     4 |     4 ||     8
Block: Shield            |    47 |    87 |   240 |   432 |    79 ||   885
       Buckler           |       |       |       |       |    51 ||    51
